 Dungeon Crawl Stone Soup version 0.28-a0-932-g843f935a50 (webtiles) character file.

Game seed: 2644766384681149839

131714 tkbsonic5 the Impaler (level 17, -8/213 HPs)
             Began as a Merfolk Berserker on June 28, 2021.
             Was an Elder of Trog.
             Mangled by a swamp worm (17 damage)
             ... on level 2 of the Swamp on Nov 30, 2021.
             The game lasted 02:44:59 (29243 turns).

tkbsonic5 the Impaler (Merfolk Berserker)          Turns: 29243, Time: 02:45:00

Health: -8/213     AC: 21    Str: 20    XL:     17   Next: 10%
Magic:  26/26      EV: 26    Int:  7    God:    Trog [****..]
Gold:   1422       SH:  0    Dex: 23    Spells: 16/16 levels left

rFire   . . .      SeeInvis .   a - +6 glaive of Gozag's Regard {flame, rCorr MP+9 Stlth+}
rCold   . . .      Faith    .   (shield currently unavailable)
rNeg    . . .      Spirit   .   F - +8 chain mail {rPois}
rPois   +          Reflect  .   (no helmet)
rElec   .          Harm     .   (no cloak)
rCorr   +          Rampage  .   A - +2 pair of gloves {Stlth+}
Will    +....                   (boots currently unavailable)
Stlth   ..........              l - amulet of regeneration
HPRegen 1.25/turn               m - +4 ring of evasion
MPRegen 0.20/turn               Q - +6 ring of dexterity

@: berserking (expiring), lethally poisoned (-8 -> -19), very quick
A: nimble swimmer 2, mertail
a: Renounce Religion, Berserk, Trog's Hand, Brothers in Arms


You were on level 2 of the Swamp.
You worshipped Trog.
Trog was greatly pleased with you.
You visited 3 branches of the dungeon, and saw 25 of its levels.
You also visited: Ossuary and Ice Cave.

You collected 3012 gold pieces.
You spent 1590 gold pieces at shops.

Inventory:

Hand Weapons
 a - the +6 glaive of Gozag's Regard (weapon) {flame, rCorr MP+9 Stlth+}
   (You found it on level 5 of the Lair of Beasts)

   It burns those it strikes, dealing additional fire damage.
   Big, fiery blades are also staple armaments of hydra-hunters.
   MP:        It affects your magic capacity (+9).
   rCorr:     It protects you from acid and corrosion.
   Stlth:     It makes you more stealthy.
 b - a +2 antimagic glaive
Missiles
 d - 81 poisoned darts (quivered)
 o - a throwing net
 C - 49 arrows
 H - 4 silver javelins
 M - 4 curare-tipped darts
 U - 6 atropa-tipped darts
Armour
 q - the +5 leather armour of Lies {rElec rCorr MP+9 Int-5}
   (You found it on level 6 of the Lair of Beasts)

   Int:       It affects your intelligence (-5).
   rElec:     It insulates you from electricity.
   MP:        It affects your magic capacity (+9).
   rCorr:     It protects you from acid and corrosion.
 t - a +0 pair of boots (melded)
 y - a +0 helmet
 A - a +2 pair of gloves of stealth (worn)
 E - a +2 hat of willpower
 F - a +8 chain mail of poison resistance (worn)
 I - the +0 hat "Duroy" {rC+ rN+ Dex+3}
   (You bought it in a shop on level 12 of the Dungeon)

   Dex:       It affects your dexterity (+3).
   rC:        It protects you from cold.
   rN:        It protects you from negative energy.
 T - a +0 pair of gloves
Jewellery
 f - a ring of resist corrosion
 j - an amulet of faith
 l - an amulet of regeneration (around neck)
 m - a +4 ring of evasion (left hand)
 p - the ring of Springtime {rPois SInv}
   (You bought it in a shop on level 12 of the Dungeon)

   [ring of poison resistance]

   rPois:     It protects you from poison.
   SInv:      It lets you see invisible.
 w - a ring of ice
 x - a ring of protection from cold
 Q - a +6 ring of dexterity (right hand)
 S - a ring of fire
 W - an amulet of guardian spirit
Wands
 k - a wand of iceblast (25)
 u - a wand of digging (12)
 L - a wand of paralysis (1)
 O - a wand of flame (5)
Scrolls
 e - 16 scrolls of teleportation
 g - a scroll of summoning
 i - 5 scrolls of blinking
 r - a scroll of holy word
 s - 7 scrolls of identify
 v - 2 scrolls of magic mapping
 N - a scroll of silence
 P - 2 scrolls of fog
 X - 2 scrolls of fear
Potions
 c - 6 potions of curing
 h - 5 potions of flight
 n - 5 potions of magic
 z - 3 potions of lignification
 B - 4 potions of haste
 D - 3 potions of ambrosia
 G - 2 potions of berserk rage
 J - a potion of might
 K - 2 potions of resistance
 R - a potion of mutation {unknown}
 V - 2 potions of cancellation
Miscellaneous
 Y - a condenser vane


   Skills:
 * Level 15.4 Fighting
 - Level 4.8 Long Blades
 * Level 17.9 Polearms
 - Level 2.9 Bows
 - Level 1.7 Crossbows
 + Level 12.6 Throwing
 + Level 7.2 Armour
 * Level 16.4 Dodging
 - Level 6.1 Stealth
 + Level 11.8 Evocations


You had 16 spell levels left.
You didn't know any spells.
Your spell library was empty.

Dungeon Overview and Level Annotations

Branches:
Dungeon (15/15)            Temple (0/1) D:7            Lair (6/6) D:9
  Swamp (4/4) Lair:4        Snake (0/4) Lair:4        Slime (0/5) Lair:5
    Orc (0/2) D:11         Vaults (0/5) D:13         Depths (0/5) D:15
Ossuary (visited)           IceCv (visited)

Altars:
Dithmenos
Elyvilon
Fedhas
Okawaru
Ru
Xom
Jiyva
Lugonu

Shops:
D:1 (   D:12 !*=?[   Swamp:2 *

Portals:
Abyss: Lair:6
Trove: D:11 (give 15 potions of curing)


Innate Abilities, Weirdness & Mutations

You are quick and stealthy near water. (Stealth+, EV+, Speed+++)
Your lower body shifts to a powerful aquatic tail in water.


Message History

You are more poisoned.
You feel extremely sick.
The swamp worm bites you but does no damage.
The fenstrider witch hits you but does no damage.
The fenstrider witch kicks you but does no damage.
The swamp worm bites you but does no damage.
You fester in the toxic bog!
You partially resist.
You are more poisoned.
You feel extremely sick.
The fenstrider witch hits you but does no damage.
The fenstrider witch kicks you but does no damage.
The swamp worm bites you!
You can move again.
You slash the fenstrider witch! You burn the fenstrider witch.
You tail-slap the fenstrider witch.
The fenstrider witch is moderately wounded.
You fester in the toxic bog.
You partially resist.
You are more poisoned.
You feel very sick.
The fenstrider witch casts a spell at you.
Your body is wracked with pain!
* * * LOW HITPOINT WARNING * * *
You are too berserk!
You miss the fenstrider witch.
The fenstrider witch is moderately wounded.
Floosh!
You feel very sick.
The bloated husk explodes!
The blast of putrescent gases engulfs the fenstrider witch!!
The blast of putrescent gases engulfs you!!
* * * LOW HITPOINT WARNING * * *
The blast of putrescent gases engulfs the swamp worm!!
The swamp worm completely misses you.
You closely miss the fenstrider witch. You tail-slap the fenstrider witch.
The fenstrider witch is almost dead.
* * * LOW HITPOINT WARNING * * *
You feel very sick.
The fenstrider witch hits you but does no damage.
The fenstrider witch completely misses you.
The swamp worm bites you!
You die...

≈≈.≈.≈.§§≈...≈ ♣♣
♣.♣.≈≈.≈≈≈≈.≈ ♣.
♣♣...>≈≈≈≈≈≈ ..≈ ♣
....≈≈≈≈≈≈≈ ..≈ ♣
≈..≈?≈≈≈≈≈ .≈≈≈ ♣
♣≈..≈.. .≈≈≈≈≈≈≈ ♣ ♣(w≈♣
♣♣.≈≈≈≈≈≈§≈≈♣
♣≈≈@♣♣≈.≈≈≈≈≈..≈≈≈♣ ♣
♣♣♣≈H≈≈.≈≈≈≈.....≈♣
♣≈.♣♣♣♣♣.§≈..≈≈≈.....≈♣♣
......♣♣...♣≈.....≈≈...≈
.≈..≈≈.≈≈♣♣♣♣≈..≈≈§.≈≈≈≈
.......≈♣≈♣ ♣♣.≈≈≈≈≈≈≈.
≈![.§≈≈.≈≈♣♣♣♣§.≈≈≈.....
♣...≈≈≈≈.......[§≈≈.♣♣♣.
♣♣...≈§≈...^.≈.≈...♣♣♣§(


You could see a fenstrider witch (empowered) and a swamp worm.

Vanquished Creatures
  A thorn hunter (Swamp:3)
  A fenstrider witch (Swamp:4)
  A quicksilver ooze (Lair:6)
  Nessos (D:12)
  4 bunyips
  Azrael (D:14)
  16 hydras
  4 eleionomae
  7 two-headed ogres
  3 death yaks (D:9)
  2 boulder beetles
  2 ice dragons (D:15)
  2 catoblepae
  A spriggan air mage (Swamp:2)
  3 vault guards (D:13)
  An ogre mage (D:15)
  4 centaur warriors
  5 alligators
  A thrashing horror (Lair:6)
  4 skeletal warriors
  Nergalle (D:12)
  A goliath frog (Swamp:2)
  4 wizards
  3 spriggan druids
  4 swamp dragons
  4 bog bodies
  A necromancer (IceCv)
  2 orc knights (D:13)
  Pikel (D:6)
  2 deep elf pyromancers
  An orb spider (shapeshifter) (D:12)
  3 large abominations (Lair:6)
  4 cyclopes
  2 will-o-the-wisps
  4 manticores
  7 ugly things
  An eye of devastation (D:11)
  23 elephants
  2 ice statues
  6 black mambas
  2 molten gargoyles (Lair:4)
  2 gargoyles
  16 cane toads
  2 torpor snails
  3 smoke demons (Lair:6)
  An unseen horror (D:11)
  10 freezing wraiths
  7 komodo dragons
  6 rime drakes
  An anaconda simulacrum (Lair:5)
  4 trolls
  3 meliai (D:15)
  5 tyrant leeches
  A bloated husk (Swamp:3)
  An ancient zyme (Lair:6)
  4 polar bears
  3 hornets
  Grinder (D:4)
  32 blink frogs
  2 slime creatures (Lair:6)
  A meliai zombie (D:10)
  3 redbacks (D:14)
  8 spriggans
  7 wraiths
  A shadow (D:11)
  2 redbacks (shapeshifter)
  4 wyverns
  A ynoxinul (Lair:6)
  3 fire elementals
  A human (D:13)
  53 yaks
  8 basilisks
  9 small abominations (Lair:6)
  A steam dragon (D:9)
  2 chaos spawn (Lair:6)
  Menkaure (D:6)
  14 vampire mosquitoes
  2 nagas (D:11)
  14 swamp worms
  17 water moccasins
  Duvessa (D:7)
  The ghost of ThrustWizard the Vexing, an amateur KoEn (D:7)
  4 hell hounds (D:14)
  A hornet zombie (D:9)
  2 swamp drakes
  3 sky beasts
  6 ice beasts (IceCv)
  An ice beast (shapeshifter) (D:15)
  5 orc warriors
  6 necrophages
  An alligator simulacrum (IceCv)
  3 black bears (Lair:5)
  7 centaurs
  8 ogres
  22 wolves
  2 phantoms (D:5)
  4 kobold brigands
  2 elf zombies (D:6)
  12 bullfrogs
  An elf skeleton (D:6)
  A gnoll sergeant (D:5)
  A cane toad simulacrum (Lair:5)
  Dowan (D:7)
  6 scorpions
  17 wights
  2 elephant simulacra
  4 killer bees (D:11)
  An electric eel (Lair:5)
  5 lava snakes (Lair:4)
  2 bullfrog zombies (D:6)
  5 centaur zombies
  A hound (D:5)
  A human zombie (D:6)
  A bullfrog skeleton (D:7)
  A draconian simulacrum (IceCv)
  5 jellies
  Crazy Yiuf (D:2)
  3 gnoll shamans
  10 orc priests
  3 iguanas
  13 orc wizards
  Natasha (twice) (D:2)
  A polar bear simulacrum (IceCv)
  3 spriggan simulacra
  7 hell rats
  3 troll simulacra (IceCv)
  A killer bee zombie (D:4)
  2 wolf simulacra
  2 centaur simulacra (IceCv)
  A howler monkey zombie (D:7)
  Robin (D:2)
  17 gnolls
  3 adders
  4 naga simulacra (IceCv)
  An ogre simulacrum (IceCv)
  13 white imps
  An ufetubus (D:5)
  An adder zombie (Ossuary)
  3 worms
  2 dart slugs
  47 orcs
  4 endoplasms
  3 giant cockroaches
  9 hobgoblins
  11 jackals
  3 quokkas
  9 ball pythons
  A ball python skeleton (Ossuary)
  14 goblins
  2 hobgoblin skeletons (Ossuary)
  A hobgoblin zombie (Ossuary)
  15 kobolds
  A kobold zombie (Ossuary)
  4 orc skeletons
  2 orc zombies (Ossuary)
  6 rats
774 creatures vanquished.

Vanquished Creatures (collateral kills)
  Harold (D:7)
  An entropy weaver (shapeshifter) (Lair:6)
  A hydra (Lair:2)
  Urug (Lair:3)
  A boulder beetle (Lair:6)
  A death knight (D:11)
  A thrashing horror (Lair:6)
  A spriggan druid (Swamp:1)
  A bog body (Swamp:1)
  2 freezing wraiths (IceCv)
  A komodo dragon (Lair:2)
  A hornet (Swamp:1)
  A slime creature (Lair:6)
  A spriggan (Swamp:1)
  A basilisk (Lair:2)
  2 swamp worms (Swamp:1)
  An ice beast (D:7)
  A centaur simulacrum (IceCv)
  A naga simulacrum (IceCv)
  2 orcs (D:7)
23 creatures vanquished.

Vanquished Creatures (others)
  A bloated husk (Swamp:2)
  10 foxfires
  22 fungi
  16 plants
49 creatures vanquished.

Grand Total: 846 creatures vanquished

Notes
Turn   | Place    | Note
-------+----------+-------------------------------------------
     0 | D:1      | tkbsonic5 the Merfolk Berserker began the quest for the
                  | Orb.
     0 | D:1      | Reached XP level 1. HP: 18/18 MP: 1/1
     5 | D:1      | Found Dejehynk's Weapon Shop.
   637 | D:1      | Reached XP level 2. HP: 24/24 MP: 2/2
   793 | D:1      | Found a faded altar of an unknown god.
  1300 | D:2      | Reached XP level 3. HP: 22/30 MP: 3/3
  1406 | D:2      | Found a runed translucent door.
  1407 | D:2      | Noticed Crazy Yiuf
  1622 | D:2      | Noticed Natasha
  1628 | D:2      | Reached skill level 5 in Polearms
  1632 | D:2      | Killed Natasha
  1633 | D:2      | Reached XP level 4. HP: 38/38 MP: 4/4
  1675 | D:2      | Found a blossoming altar of Fedhas.
  1850 | D:2      | Noticed Robin
  1874 | D:2      | Reached ** piety under Trog
  1884 | D:2      | Killed Robin
  2325 | D:2      | Noticed Natasha
  2332 | D:2      | Killed Natasha
  2333 | D:2      | Reached XP level 5. HP: 43/43 MP: 5/5
  2704 | D:2      | Killed Crazy Yiuf
  2705 | D:2      | Reached skill level 5 in Fighting
  2999 | D:3      | Noticed an ogre
  3013 | D:3      | Killed an ogre
  3014 | D:3      | Reached skill level 6 in Polearms
  3014 | D:3      | Reached XP level 6. HP: 51/51 MP: 6/6
  3453 | D:3      | Found a shimmering altar of Xom.
  3504 | D:3      | Found an iron altar of Okawaru.
  4064 | D:4      | Reached skill level 1 in Throwing
  4168 | D:4      | Reached *** piety under Trog
  4289 | D:4      | Reached skill level 5 in Dodging
  4354 | D:4      | Noticed Grinder
  4367 | D:4      | Paralysed by Grinder for 4 turns
  4378 | D:4      | Killed Grinder
  4379 | D:4      | Reached XP level 7. HP: 14/59 MP: 7/7
  4499 | D:4      | Reached skill level 1 in Evocations
  5016 | D:5      | Entered Level 5 of the Dungeon
  5024 | D:5      | Reached skill level 7 in Polearms
  5024 | D:5      | Reached skill level 1 in Stealth
  5028 | D:5      | Reached XP level 8. HP: 65/65 MP: 8/8
  5626 | D:5      | Reached **** piety under Trog
  5772 | D:5      | Reached XP level 9. HP: 74/74 MP: 9/9
  5820 | D:6      | Found a sacrificial altar of Ru.
  6079 | D:6      | Reached skill level 8 in Polearms
  6243 | D:6      | Noticed Menkaure
  6298 | D:6      | Killed Menkaure
  6299 | D:6      | Reached skill level 5 in Throwing
  6392 | D:6      | Found a sand-covered staircase.
  6400 | Ossuary  | Entered an ossuary
  6691 | Ossuary  | Reached ***** piety under Trog
  7069 | D:6      | Noticed Pikel
  7095 | D:6      | Killed Pikel
  7096 | D:6      | Reached skill level 5 in Evocations
  7096 | D:6      | Reached XP level 10. HP: 82/82 MP: 10/10
  7379 | D:7      | Noticed Duvessa
  7388 | D:7      | Noticed Dowan
  7394 | D:7      | Killed Duvessa
  7404 | D:7      | Killed Dowan
  7593 | D:7      | Noticed Harold
  7601 | D:7      | Killed Harold
  7602 | D:7      | Reached skill level 9 in Polearms
  7719 | D:7      | Found a staircase to the Ecumenical Temple.
  7832 | D:7      | Found a large runed translucent door.
  7832 | D:7      | Found a large runed translucent door.
  7833 | D:7      | Noticed ThrustWizard's ghost (amateur KoEn)
  7844 | D:7      | Killed ThrustWizard's ghost
  8260 | D:8      | Noticed a two-headed ogre
  8275 | D:8      | Killed a two-headed ogre
  8573 | D:8      | Found a white marble altar of Elyvilon.
  9006 | D:9      | Found a shadowy altar of Dithmenos.
  9210 | D:9      | Found a staircase to the Lair.
  9210 | D:9      | Noticed a death yak
  9210 | D:9      | Noticed a death yak
  9211 | D:9      | Noticed a death yak
  9228 | D:9      | Killed a death yak
  9229 | D:9      | Reached XP level 11. HP: 90/90 MP: 11/11
  9248 | D:9      | Killed a death yak
  9249 | D:9      | Reached skill level 10 in Polearms
  9334 | D:9      | Killed a death yak
  9600 | D:9      | Reached skill level 10 in Fighting
  9917 | D:9      | Noticed a manticore
  9935 | D:9      | Killed a manticore
 10209 | D:9      | Identified the +6 spear of Ulewypi {vorpal, rC- rN+ Str+6}
 10328 | D:10     | Entered Level 10 of the Dungeon
 10621 | D:10     | Reached skill level 11 in Polearms
 11257 | Lair:1   | Entered Level 1 of the Lair of Beasts
 11370 | Lair:1   | Reached skill level 10 in Dodging
 11457 | Lair:1   | Reached XP level 12. HP: 99/99 MP: 12/12
 11948 | Lair:1   | Noticed a five-headed hydra
 11954 | Lair:1   | Killed a five-headed hydra
 12343 | Lair:2   | Noticed a seven-headed hydra
 12409 | Lair:2   | Reached skill level 12 in Polearms
 12440 | Lair:2   | Killed a seven-headed hydra
 12883 | Lair:2   | Noticed a four-headed hydra
 12903 | Lair:2   | Killed a four-headed hydra
 13025 | Lair:2   | Noticed a six-headed hydra
 13039 | Lair:2   | Killed a six-headed hydra
 13040 | Lair:2   | Reached XP level 13. HP: 94/106 MP: 13/13
 13730 | Lair:3   | Reached skill level 13 in Polearms
 14548 | Lair:3   | Noticed Urug
 14567 | Lair:3   | Killed Urug
 15175 | Lair:4   | Reached skill level 10 in Throwing
 15175 | Lair:4   | Upgraded the game from 0.27-a0-1359-ga2a4dfd6fd to
                  | 0.28-a0-932-g843f935a50
 15387 | Lair:4   | Found a staircase to the Snake Pit.
 15496 | Lair:4   | Reached skill level 14 in Polearms
 15735 | Lair:4   | Reached skill level 5 in Armour
 16149 | Lair:4   | Found a staircase to the Swamp.
 16480 | Lair:5   | Found an iron altar of Okawaru.
 16575 | Lair:5   | Reached XP level 14. HP: 107/116 MP: 14/14
 16612 | Lair:5   | Reached skill level 10 in Evocations
 16795 | Lair:5   | Found a viscous altar of Jiyva.
 16795 | Lair:5   | Found a staircase to the Slime Pits.
 17144 | Lair:5   | Reached skill level 5 in Stealth
 17145 | Lair:5   | Reached ****** piety under Trog
 17463 | Lair:5   | Identified the +6 glaive of Gozag's Regard {flame, rCorr
                  | MP+9 Stlth+}
 18019 | Lair:6   | Entered Level 6 of the Lair of Beasts
 18101 | Lair:5   | Received a gift from Trog
 18143 | Lair:5   | Reached skill level 15 in Polearms
 18280 | Lair:6   | Identified the +6 great sword "Eridutt" {venom, Dex+2}
 18630 | Lair:6   | Reached skill level 1 in Long Blades
 19668 | Lair:6   | Noticed a quicksilver ooze
 19693 | Lair:6   | Reached XP level 15. HP: 35/124 MP: 15/15
 19694 | Lair:6   | Received a gift from Trog
 19980 | Lair:6   | Found a corrupted altar of Lugonu.
 19980 | Lair:6   | Found a one-way gate to the infinite horrors of the Abyss.
 19989 | Lair:6   | Identified the +5 leather armour of Lies {rElec rCorr MP+9
                  | Int-5}
 20973 | D:11     | Found a portal to a secret trove of treasure.
 21174 | D:11     | Found a staircase to the Orcish Mines.
 21662 | D:12     | Found Damalin's Magic Scroll Boutique.
 21669 | D:12     | Bought a scroll of summoning for 104 gold pieces
 21669 | D:12     | Bought a scroll of teleportation for 33 gold pieces
 21669 | D:12     | Bought a scroll of identify for 22 gold pieces
 21669 | D:12     | Bought a scroll of teleportation for 33 gold pieces
 21669 | D:12     | Bought 3 scrolls of blinking for 247 gold pieces
 21669 | D:12     | Bought a scroll of identify for 22 gold pieces
 21669 | D:12     | Bought a scroll of identify for 22 gold pieces
 21669 | D:12     | Bought a scroll of teleportation for 33 gold pieces
 21693 | D:12     | Found Gayruown's Jewellery Emporium.
 21703 | D:12     | Bought the ring of Springtime {rPois SInv} for 374 gold
                  | pieces
 21726 | D:12     | Noticed Nessos
 21774 | D:12     | Noticed Nergalle
 21784 | D:12     | Killed Nergalle
 21856 | D:12     | Found Vicu's General Store.
 21895 | D:12     | Killed Nessos
 21979 | D:12     | Found Dudiur's Antique Armour Boutique.
 21993 | D:12     | Bought a blackened hat for 252 gold pieces
 21993 | D:12     | Identified the +0 hat "Duroy" {rC+ rN+ Dex+3} (You bought
                  | it in a shop on level 12 of the Dungeon)
 22126 | D:12     | Found Voustripo's Distillery.
 22545 | D:13     | Acquired 1204 gold pieces
 22546 | D:13     | Acquired a +1 pair of gloves of stealth
 22566 | D:13     | Reached skill level 1 in Bows
 22733 | D:13     | Found a gate leading to a gauntlet.
 23362 | D:13     | Reached skill level 16 in Polearms
 23524 | D:13     | Found a gate to the Vaults.
 23534 | D:13     | Reached skill level 1 in Crossbows
 24414 | D:14     | Noticed Azrael
 24425 | D:14     | Killed Azrael
 24536 | D:14     | Reached XP level 16. HP: 134/134 MP: 16/16
 24925 | D:15     | Entered Level 15 of the Dungeon
 24930 | D:15     | Reached skill level 15 in Dodging
 25232 | D:15     | Found a frozen archway.
 25256 | IceCv    | Entered an ice cave
 25954 | D:15     | Found a staircase to the Depths.
 26470 | D:15     | Identified the +2 robe "Firous" {+Blink}
 27157 | Swamp:1  | Entered Level 1 of the Swamp
 27436 | Swamp:3  | Reached skill level 17 in Polearms
 27478 | Swamp:3  | Noticed a thorn hunter
 27494 | Swamp:3  | Killed a thorn hunter
 27545 | Swamp:4  | Entered Level 4 of the Swamp
 27719 | Swamp:4  | Reached skill level 15 in Fighting
 27813 | Swamp:4  | Noticed a fenstrider witch
 27837 | Swamp:4  | Killed a fenstrider witch
 28109 | Swamp:4  | Noticed a thorn hunter
 28518 | Swamp:1  | Reached XP level 17. HP: 142/142 MP: 17/17
 28624 | Swamp:1  | Identified the +2 pair of boots of Lutatawn {-Cast Fly rF+
                  | Dex+4}
 29032 | Swamp:2  | Found Lurul's Island Escapes.
 29061 | Swamp:2  | Bought a potion of haste for 130 gold pieces
 29061 | Swamp:2  | Bought a scroll of fog for 26 gold pieces
 29061 | Swamp:2  | Bought a scroll of blinking for 97 gold pieces
 29061 | Swamp:2  | Bought 2 scrolls of blinking for 195 gold pieces
 29233 | Swamp:2  | Paralysed by a fenstrider witch for 7 turns
 29243 | Swamp:2  | HP: 9/213 [poison]
 29243 | Swamp:2  | Mangled by a swamp worm

Illustrated notes

Levels and vault maps discovered:
D:1:      wander_arrival_desolate, layout_basic, serial_shops,
          nicolae_shop_temple_entry_statues_fountains,
          hellmonk_ecumenical_altar_zigzags
D:2:      layout_loops_corners, basic_altar, serial_forest,
          infiniplex_forest_fountain, infiniplex_forest_lined_corner,
          infiniplex_forest_straight_2, infiniplex_forest_lined_2,
          infiniplex_forest_end_1, infiniplex_forest_end_1, uniq_robin,
          uniq_crazy_yiuf_cottage, uniq_natasha
D:3:      layout_basic, lemuel_crystal_altar, okawaru_metal_pillars_1_2
D:4:      layout_basic, uniq_grinder
D:5:      minmay_general_purpose_star, layout_loops_ring,
          fedhas_bush_and_centaur_altar
D:6:      layout_basic, nicolae_ru_sacrificial_ziggurat,
          nicolae_ossuary_entry_catacombs, uniq_menkaure, uniq_pikel
D:7:      layout_rooms, minmay_temple_entry_trees, ebering_ghost_disaster_area,
          uniq_duvessa, uniq_harold
D:8:      layout_basic, lemuel_tele_altar, hangedman_decor_diamond_cutter
D:9:      layout_roguey, lemuel_doored_altar, dpeg_lair_monsters,
          minmay_mirror_moons_of_madness
D:10:     layout_cave_pods
D:11:     layout_small_grid, enter_trove_3, bh_walls_and_bars
D:12:     layout_long_grid, serial_shops, shop, nicolae_shop_stone, shop_statue,
          nicolae_shop_trees, kennysheep_small_circle, uniq_nessos,
          uniq_nergalle
D:13:     layout_layer_cave, grunt_vaults_entry_fortified,
          gauntlet_entry_generic, minmay_misc_feat_ornament
D:14:     layout_rooms, minmay_door_square, uniq_azrael
D:15:     grunt_enter_depths_hoard, layout_layer_cave, portal_ice_cave_rime,
          roderic_three_in_a_row, grunt_ministairs_4
Lair:1:   layout_roguey, minivault_24, infiniplex_staircase_pool_2,
          grunt_megastairs_3
Lair:2:   layout_gridlike
Lair:3:   layout_cave_pods, infiniplex_staircase_pool, uniq_urug
Lair:4:   cheibrodos_magma_flow, layout_layer_cave, palyth_hydra_swamp_entry,
          roderic_carrion_pond
Lair:5:   dreamdust_isle_of_ice, layout_cave_pods,
          dpeg_slime_entry_enclosed_altar, basic_altar, gammafunk_lair_bear_cave
Lair:6:   hellmonk_lair_end_abyssal_woods, layout_small_grid,
          nicolae_lair_time_for_slime, grunt_megastairs_2
Swamp:1:  layout_basic_swamp, evilmike_swamp_ruin_wall, swamp_pool4,
          nicolae_swamp_stuck_in_the_mud
Swamp:2:  layout_basic_swamp, evilmike_swamp_ruin_house_4, swamp_pool5,
          nicolae_island_escapes
Swamp:3:  layout_falls_marsh, evilmike_swamp_ruin_house_1, swamp_pool1,
          nicolae_swamp_baby_hydras
Swamp:4:  swamp, layout_basic_swamp

Skill      XL: |  1  2  3  4  5  6  7  8  9 10 11 12 13 14 15 16 |
---------------+-------------------------------------------------+-----
Dodging        | 3 4 5 6 7 8 10 11 12 13 14 16 | 16.4
Fighting       | 4 5 6 7 8 9 10 11 12 13 14 15 | 15.4
Polearms       | 5 6 7 8 9 11 12 14 15 16 17 | 17.9
Throwing       | 2 3 4 5 7 8 9 10 11 12 | 12.6
Evocations     | 1 3 5 6 7 8 9 10 11 | 11.8
Stealth        | 1 3 4 5 6 |  6.1
Armour         | 2 3 4 5 6 7 |  7.2
Long Blades    | 2 4 |  4.8
Bows           | 2 |  2.9
Crossbows      | 1 |  1.7

Action                   |  1- 3 |  4- 6 |  7- 9 | 10-12 | 13-15 | 16-18 || total
-------------------------+-------+-------+-------+-------+-------+-------++-------
Melee: Spear             |    69 |   184 |       |   408 |   665 |       ||  1326
       Halberd           |       |    21 |    54 |       |       |       ||    75
       Trident           |       |       |   374 |   403 |       |       ||   777
       Tailslap          |       |       |       |       |    39 |    16 ||    55
       Glaive            |       |       |       |       |   510 |   475 ||   985
       Great sword       |       |       |       |       |     8 |       ||     8
 Fire: Hunting sling     |       |       |       |       |     6 |       ||     6
       Shortbow          |       |       |       |       |       |     5 ||     5
       Longbow           |       |       |       |       |       |     5 ||     5
Throw: Dart              |    25 |    24 |    49 |    94 |    95 |    34 ||   321
       Stone             |       |     7 |       |       |       |       ||     7
       Javelin           |       |       |       |    40 |    95 |     8 ||   143
       Boomerang         |       |       |       |    19 |    32 |    16 ||    67
       Throwing net      |       |       |       |       |     8 |     1 ||     9
Invok: Berserk           |     1 |     7 |     4 |     9 |    11 |    10 ||    42
       Trog's Hand       |       |       |     2 |     4 |     5 |     8 ||    19
       Brothers in Arms  |       |       |       |     3 |     5 |     2 ||    10
Evoke: Wand              |       |       |    28 |     2 |    94 |    53 ||   177
  Use: Scroll            |       |     3 |    11 |     4 |    22 |    11 ||    51
       Potion            |       |       |     2 |     3 |     7 |     3 ||    15
 Stab: Sleeping          |       |     1 |     1 |       |     2 |     1 ||     5
       Distracted        |       |       |       |     1 |     2 |     1 ||     4
       Held in net/web   |       |       |       |       |     4 |     2 ||     6
       Paralysed         |       |       |       |       |     7 |       ||     7
Armor: Animal skin       |     8 |    12 |    14 |       |       |       ||    34
       Plate armour      |       |       |    64 |    49 |       |       ||   113
       Chain mail        |       |       |       |   232 |   403 |   269 ||   904
Dodge: Dodged            |    25 |    92 |   160 |   332 |   782 |   553 ||  1944

Table legend: (Time is in decaauts)
 A = Elapsed time spent in this place.
 B = Non-inter-level travel time spent in this place.
 C = Inter-level travel time spent in this place.
 D = Time resting spent in this place.
 E = Time spent auto-exploring this place.
 F = Levels seen in this place.
 G = Mean time per level.
                   A        B        C        D        E       F      G
               +--------+--------+--------+--------+--------+-----+--------+
         Total |  28580 |  27471 |   1109 |   3163 |  16540 |  27 | 1058.5 |
       Dungeon |  16868 |  16158 |    710 |   1684 |  10314 |  15 | 1124.5 |
          Lair |   8806 |   8422 |    384 |    844 |   5345 |   6 | 1467.7 |
         Swamp |   1816 |   1803 |     13 |    516 |    538 |   4 |  454.0 |
       Ossuary |    462 |    462 |      0 |     19 |    214 |   1 |  462.0 |
      Ice Cave |    627 |    627 |      0 |     99 |    128 |   1 |  627.0 |
               +--------+--------+--------+--------+--------+-----+--------+

Top non-repeatable levels by time:
  Lair:6: 2064 daAuts
     D:2: 1645 daAuts
    D:13: 1644 daAuts
  Lair:5: 1585 daAuts
  Lair:3: 1535 daAuts
     D:9: 1465 daAuts
  Lair:4: 1462 daAuts
    D:15: 1389 daAuts
     D:3: 1229 daAuts
  Lair:2: 1184 daAuts
     D:1: 1166 daAuts
     D:4: 1160 daAuts
     D:7: 996 daAuts
  Lair:1: 973 daAuts
    D:12: 933 daAuts
